[Event "*** Titled Tuesday Blitz"]
[Site "Chess.com"]
[Date "2021.03.16"]
[Round "8"]
[White "alejogarcia1999"]
[Black "MartinMatthiesen"]
[Result "0-1"]
[WhiteElo "2477"]
[BlackElo "2395"]
[TimeControl "180+1"]
[EndTime "11:29:05 PDT"]
[Termination "MartinMatthiesen won by checkmate"]

1. Nf3 d5 2. g3 Nf6 3. Bg2 c6 4. O-O Bg4 5. h3 Bh5 6. d3 Nbd7 7. Qe1 e5 8. e4 dxe4 9. dxe4 Bc5 10. Nbd2 O-O 11.
Nb3 Bb6 12. Nh4 Re8 13. Bd2 a5 14. a4 Nc5 15. Nxc5 Bxc5 16. Bc3 Qb6 17. Nf5 Bd4 18. Kh2 Rad8 19. Bxa5 Qxb2 20. Nxd4 Rxd4 21. Bc3 Qxc2 22.
Bxd4 exd4 23. Qc1 Qe2 24. Qe1 d3 25. g4 Bxg4 26. hxg4 Qxg4 27. Qe3 Re5 28. Qg3 Qh5+ 29. Kg1 Nxe4 30. Qxd3 Nf6 31. Rfe1 g6 32. Rxe5 Qxe5 33. Rb1 Ng4 34. Rxb7 Qh2+ 35. Kf1 Qf4 36. Bf3 Ne5 37. Qe4 Qc1+ 38. Ke2 Qc5 39. Qe3 Qc4+ 40. Kd2 Qa2+ 41. Ke1 Qa1+ 42. Bd1 h5 43. Rb8+ Kg7 44. Qd2 Nf3+ 45. Ke2 Nxd2 46. Kxd2 Qa2+ 47. Bc2 Qd5+ 48. Bd3 Qa5+ 49. Ke3 Qxa4 50. Rb7 Qa3 51. Kd4 Qd6+ 52. Ke3 Qe5+ 53. Kd2 Qf4+ 54. Ke2 h4 55. Rb1 h3 56. f3 Qh2+ 57. Ke3 Qg2 58. Bc4 h2 59.
Rb7 h1=Q 60. Rxf7+ Kh6 61. Rf8 Qe1+ 62. Kd4 Qgf2+ 63.
Kd3 Qee3# 0-1

[Event "*** Titled Tuesday Blitz"]
[Site "Chess.com"]
[Date "2021.03.16"]
[Round "8"]
[White "frequentblunders"]
[Black "chesslh19"]
[Result "1/2-1/2"]
[WhiteElo "2078"]
[BlackElo "2251"]
[TimeControl "180+1"]
[EndTime "11:29:07 PDT"]
[Termination "Game drawn by stalemate"]

1. d3 d5 2. f4 Nf6 3. Nf3 c5 4. g3 g6 5. Bg2 Bg7 6. O-O O-O 7. Nc3 d4 8. Ne4 Nxe4 9. dxe4 Nc6 10. e3 Bg4 11. h3 Bxf3 12. Qxf3 dxe3 13. c3 Qb6 14. Qxe3 Rad8 15. Kh2 c4 16. Qxb6 axb6 17. Be3 b5 18. Rfd1 Rxd1 19. Rxd1 Rd8 20. Rxd8+ Nxd8 21. Bc5 Nc6 22.
e5 e6 23. Kg1 f6 24. exf6 Bxf6 25. Kf2 Kf7 26. Ke3 Ke8 27. h4 Kd7 28. Ke4 Kc7 29. Bh3 Kd7 30. a3 Ne7 31. Bxe7 Kxe7 32. h5 Kd6 33. h6 Be7 34. g4 g5 35. f5 e5 36.
Bg2 Bf8 37. f6 Ke6 38. Ke3 b6 39. Bc6 Bxh6 40. Bxb5 Kxf6 41. Bxc4 Bf8 42. Ke4 Bc5 43. Kd5 Be3 44. Kc6 Bc1 45. b4 Bxa3 46. Kxb6 Bb2 47. b5 Bxc3 48. Bd3 h5 49. gxh5 Bd4+ 50. Kc6 Kg7 51. b6 Bxb6 52. Kxb6 Kh6 53. Be2 e4 54. Kc5 g4 55. Bxg4 Kg7 56. Be2 Kh8 57. Kd4 e3 58.
Kxe3 Kg7 59. Kf4 Kh8 60. Kg5 Kg7 61. Bd3 Kh8 62. h6 Kg8 63. Kf6 Kh8 64. h7 1/2-1/2

[Event "*** Titled Tuesday Blitz"]
[Site "Chess.com"]
[Date "2021.03.16"]
[Round "8"]
[White "atwalcb"]
[Black "PavelChernomordik"]
[Result "1-0"]
[WhiteElo "2550"]
[BlackElo "2407"]
[TimeControl "180+1"]
[EndTime "11:29:14 PDT"]
[Termination "atwalcb won by resignation"]

1. d4 g6 2. e4 Bg7 3. f4 d6 4. Nf3 c5 5. d5 Nf6 6. Nc3 O-O 7. Be2 e6 8. dxe6 Bxe6 9. O-O Nc6 10. Be3 Re8 11. Qd2 Ng4 12. Rad1 Nxe3 13. Qxe3 Nd4 14.
Qd2 Bg4 15. Nxd4 Bxd4+ 16. Kh1 Bxe2 17. Qxe2 Qe7 18. Rfe1 Bxc3 19. bxc3 Qf6 20. Qd2 Rad8 21. g3 Kg7 22. Qd3 h5 23. Rd2 h4 24. Kg2 hxg3 25. hxg3 Rh8 26. Rdd1 Qe6 27. Rh1 Rxh1 28. Rxh1 Re8 29.
Kf3 Qxa2 30. f5 d5 31. exd5 Re5 32. fxg6 Qxd5+ 33. Qxd5 Rxd5 34. gxf7 Rf5+ 35. Ke4 Rxf7 36. Ra1 b6 37. c4 Rd7 38. c3 Kf6 39. Rf1+ Ke6 40. Rf8 Kd6 41. g4 Re7+ 42. Kf4 Re1 43. Ra8 Rc1 44. g5 Rxc3 45. g6 Rxc4+ 46. Kf5 Rc1 47.
g7 Rg1 48. g8=Q Rxg8 49. Rxg8 Kd5 50. Kf4 Kc4 51. Ra8 a5 52. Ke3 Kb4 53. Kd3 b5 54.
Kc2 a4 55. Rh8 c4 56. Rh5 a3 57. Rh8 Ka4 58. Ra8+ Kb4 59. Ra7 c3 60. Ra8 Kc4 61. Rxa3 b4 62. Ra4 Kb5 63. Kb3 c2 64. Rxb4+ Ka5 65. Rc4 1-0

[Event "*** Titled Tuesday Blitz"]
[Site "Chess.com"]
[Date "2021.03.16"]
[Round "8"]
[White "AttackSparrow"]
[Black "Dyadya81"]
[Result "0-1"]
[WhiteElo "2512"]
[BlackElo "2734"]
[TimeControl "180+1"]
[EndTime "11:29:17 PDT"]
[Termination "Dyadya81 won by checkmate"]

1. e4 c6 2. d4 d5 3. exd5 cxd5 4.
c4 Nf6 5. Nc3 Nc6 6. Bg5 Ne4 7.
Nf3 Nxg5 8. Nxg5 e6 9. Nf3 Bb4 10. Qc2 O-O 11. O-O-O Qa5 12. a3 Bxc3 13. Qxc3 Qxc3+ 14.
bxc3 Na5 15. cxd5 exd5 16. Bd3 Bg4 17. Rde1 Rac8 18. Ne5 Be6 19. Kb2 f6 20. Ng6 Rfe8 21.
Nf4 Bf7 22. Bb5 Re4 23. Rxe4 dxe4 24. Re1 a6 25. Bd7 Nc4+ 26. Ka2 Nb6+ 27. Be6 g5 28. Bxf7+ Kxf7 29. Ne2 f5 30. Kb3 Nc4 31. Ng3 Kf6 32. Nh5+ Kg6 33. Ng3 h5 34. Ne2 b5 35. Rd1 Kf6 36.
Nc1 Na5+ 37. Kb2 Nc4+ 38. Kb3 f4 39. Na2 e3 40. fxe3 Nxe3 41. Rd2 g4 42. Nb4 a5 43.
Nd3 a4+ 44. Ka2 Kg5 45. Nc5 f3 46. gxf3 gxf3 47. Rf2 Kf4 48. Rd2 Nd5 49. Kb2 Ke3 50. Kc2 f2 51. Rd3+ Ke2 52. Rd2+ Kf3 53. Rxf2+ Kxf2 54. Kd3 Kg2 55. c4 bxc4+ 56. Kxc4 Ne3+ 57.
Kd3 Ng4 58. Nxa4 Kxh2 59. Nb6 Rb8 60. Nd7 Rb3+ 61. Kc4 Rxa3 62. d5 Ne3+ 63. Kb4 Rd3 64. Ne5 Rxd5 65. Nf3+ Kg3 66. Ne1 Rd1 67. Nc2 Nxc2+ 68. Kc3 Ne3 69. Kb2 h4 70. Kc3 h3 71.
Kb2 h2 72. Kc3 h1=Q 73. Kb4 Qc6 74. Ka3 Qb5 75. Ka2 Rb1 76. Ka3 Qa5# 0-1

[Event "*** Titled Tuesday Blitz"]
[Site "Chess.com"]
[Date "2021.03.16"]
[Round "8"]
[White "Anton_Demchenko"]
[Black "Skatchkov_V"]
[Result "1-0"]
[WhiteElo "2882"]
[BlackElo "2626"]
[TimeControl "180+1"]
[EndTime "11:29:25 PDT"]
[Termination "Anton_Demchenko won by resignation"]

1. d4 Nf6 2. c4 e6 3. Nc3 Bb4 4. Bd2 d5 5. e3 O-O 6. Nf3 b6 7. Rc1 Bb7 8. cxd5 Nxd5 9. Bd3 Nd7 10. e4 Nxc3 11. bxc3 Ba3 12. Rb1 e5 13. O-O Bd6 14. Re1 Qf6 15. Qa4 Qe7 16. Bb5 Nf6 17. Bc6 Bxc6 18.
Qxc6 Qd7 19. Qc4 Rfe8 20. Bg5 Nh5 21. Rbd1 Qe6 22. Qa6 Qg6 23. Bc1 exd4 24. e5 Be7 25.
cxd4 Rad8 26. Qxa7 c5 27. d5 Bf8 28. d6 f6 29.
Qxb6 fxe5 30. Nxe5 Qe6 31. Nf3 Rxd6 32. Qxd6 Qxd6 33.
Rxd6 Rxe1+ 34. Nxe1 Bxd6 35. Kf1 c4 36. Ke2 Nf6 37.
Kf3 Bb4 38. Nc2 Ba5 39. Ne3 Kf7 40. Nxc4 Bb4 41. Ne5+ Ke6 42. Nd3 Bc3 43. a4 Kd5 44. Nf4+ Kc4 45. Ne6 Nd7 46. Be3 g6 47. Ke4 Kb3 48.
Kd5 Kxa4 49. Kd6 Nf6 50. Ke7 Ng4 51. h3 Ne5 52. Nf8 h5 53. Ke6 Kb5 54. f4 Nc4 55. Bf2 Nd6 56. Kxd6 Bb4+ 57. Ke6 Bxf8 58. Kf7 Bc5 59.
Bxc5 g5 60. Kg6 gxf4 61. Bd6 f3 62. gxf3 1-0

[Event "*** Titled Tuesday Blitz"]
[Site "Chess.com"]
[Date "2021.03.16"]
[Round "8"]
[White "Jospem"]
[Black "mishanick"]
[Result "0-1"]
[WhiteElo "2939"]
[BlackElo "3032"]
[TimeControl "180+1"]
[EndTime "11:29:27 PDT"]
[Termination "mishanick won by resignation"]

1. e4 c5 2. Nf3 d6 3. c3 Nf6 4. h3 g6 5. Bd3 Bg7 6. Bc2 O-O 7.
O-O Nc6 8. d4 cxd4 9. cxd4 e5 10. d5 Nb4 11. Nc3 Nxc2 12. Qxc2 Bd7 13. a4 Nh5 14. Qb3 b6 15. Be3 Nf4 16. Bxf4 exf4 17. Rfe1 Re8 18. Rac1 Rc8 19. Nb5 Rxc1 20. Rxc1 Bxb5 21.
Qxb5 Rxe4 22. Qa6 Qd7 23. Rc8+ Bf8 24. b3 Rb4 25. Ra8 Rxb3 26. Rxa7 Qf5 27. Qc4 Rb1+ 28.
Kh2 Rd1 29. Ra8 g5 30. Qe2 Qb1 31. g4 h6 32. Kg2 Qd3 33. Qxd3 Rxd3 34. Rb8 Rxd5 35.
Rxb6 Ra5 36. Nd4 Rxa4 37. Nf5 Ra8 38. Rb5 Rd8 39. Rd5 Kh7 40. Kf3 Kg6 41. h4 Kf6 42. h5 Ke6 43. Ke4 Ra8 44. Nd4+ Kf6 45. Rf5+ Kg7 46.
Rb5 Ra4 47. Kd3 Ra2 48. f3 Ra3+ 49. Kc2 Kf6 50. Rf5+ Ke7 51. Rb5 Bg7 52. Rb7+ Ke8 53. Nf5 Be5 54. Nxh6 Rxf3 55. Nxf7 Rh3 56. Nxg5 Rh4 57.
Nf7 f3 58. h6 f2 59. Nxe5 dxe5 60. Rb1 e4 61. Kd2 Rh3 62. Ke2 e3 63. g5 Kf7 64.
Rb7+ Kg6 65. Rg7+ Kf5 66. h7 Rh1 67. Rf7+ Kg6 68. h8=N+ Rxh8 69. Rf3 Rh1 70. Kxe3 f1=Q 71. Rxf1 Rxf1 0-1

[Event "*** Titled Tuesday Blitz"]
[Site "Chess.com"]
[Date "2021.03.16"]
[Round "8"]
[White "DvaHrasta"]
[Black "Unknown_IM"]
[Result "1-0"]
[WhiteElo "2524"]
[BlackElo "2400"]
[TimeControl "180+1"]
[EndTime "11:29:32 PDT"]
[Termination "DvaHrasta won by checkmate"]

1. c4 c5 2. g3 g6 3. Bg2 Bg7 4. Nc3 Nc6 5. Nf3 d6 6. O-O e5 7. Ne1 Be6 8. Qa4 Ne7 9. Nc2 O-O 10. Ne3 a6 11. Ned5 b5 12. cxb5 axb5 13. Qxa8 Qxa8 14. Nxe7+ Kh8 15. Nxc6 Qa6 16. a4 b4 17. Nb5 d5 18.
Ne7 Qb7 19. Nxd5 Bxd5 20. Bxd5 Qxd5 21. d3 e4 22. dxe4 Qxe4 23. Be3 Bxb2 24. Rab1 Bc3 25. Bxc5 Rc8 26. Nd6 Qc6 27. Nxc8 Qxc5 28. Rfc1 Kg7 29.
a5 h5 30. h4 Qxa5 31. Nb6 Bd4 32. Nc4 Qc7 33. e3 Bc5 34. Nd2 Qe7 35. Nb3 Bxe3 36. Re1 Bxf2+ 37. Kxf2 Qa7+ 38. Kf1 Qa6+ 39. Kg2 Qa2+ 40.
Kh3 Qc2 41. Nd4 Qd3 42. Ne2 b3 43. Nf4 Qf5+ 44. Kg2 Qc2+ 45. Kg1 b2 46. Ng2 Qc5+ 47. Ne3 Qd4 48. Re2 Qd3 49. Rbxb2 Qd4 50. Kh2 Qd3 51. Rbd2 Qe4 52. Ng2 Qa8 53. Rf2 Qa1 54. Rd7 Qa2 55. Rdxf7+ Qxf7 56. Rxf7+ Kxf7 57. Nf4 Kf6 58. Nh3 Kf5 59.
Ng5 Kg4 60. Kg2 Kf5 61. Kf3 Ke5 62. g4 Kf6 63. gxh5 gxh5 64. Kf4 Kg6 65. Nf3 Kf6 66. Nd4 Kg6 67. Ke5 Kh6 68. Kf5 Kg7 69. Kg5 Kh7 70. Kxh5 Kg7 71. Kg5 Kh8 72. h5 Kg8 73. h6 Kh7 74. Ne6 Kg8 75. Nf4 Kh8 76. Kg6 Kg8 77. Nd5 Kh8 78. Nc7 Kg8 79. Ne8 Kh8 80. Nd6 Kg8 81.
h7+ Kh8 82. Nf7# 1-0

[Event "*** Titled Tuesday Blitz"]
[Site "Chess.com"]
[Date "2021.03.16"]
[Round "8"]
[White "Nesty_Javi_Chess"]
[Black "Natalya_Buksa"]
[Result "0-1"]
[WhiteElo "2621"]
[BlackElo "2510"]
[TimeControl "180+1"]
[EndTime "11:29:38 PDT"]
[Termination "Natalya_Buksa won by resignation"]

1. e4 c5 2. Nf3 Nc6 3. d4 cxd4 4.
Nxd4 Nf6 5. Nc3 e5 6. Ndb5 d6 7. Bg5 a6 8. Na3 b5 9. Nd5 Be7 10. Bxf6 Bxf6 11. c4 b4 12. Nc2 O-O 13. g3 a5 14. Bg2 Bg5 15. O-O Rb8 16. b3 a4 17.
Qd3 Qa5 18. Rad1 Kh8 19. f4 exf4 20. gxf4 Qc5+ 21. Kh1 Bh6 22. Nc7 Rd8 23. Nb5 Bg4 24.
Bf3 Bh3 25. Bg2 Bg4 26. Rd2 Ne5 27. fxe5 Bxd2 28. Qxd2 dxe5 29. Qe3 Qe7 30. h3 Be6 31. Qe1 axb3 32. axb3 Rd3 33. Nxb4 Rxb3 34. Nd5 Qg5 35. Nbc3 Rc8 36. Qe2 Qh4 37. Kh2 h6 38. Rb1 Rxb1 39.
Nxb1 Rb8 40. Nbc3 Qg5 41. c5 Rc8 42. Qf2 Bxd5 43. Nxd5 f6 44. Ne7 Rc7 45. Nd5 Rc8 46.
Bf3 Qc1 47. Bg4 Rxc5 48. Ne3 Rb5 49. Ng2 Rb2 50. Qg3 Qf4 51. Qxf4 exf4 52. h4 g5 53. h5 Kg7 54. Kh3 Kf7 55. Bf3 Rb3 56. Kg4 Ke7 57. Ne1 Kd6 58. Nc2 Ke5 59. Ne1 Rb1 60.
Nd3+ Kd4 61. Nf2 Ke3 62. Nh3 Rf1 63. Bg2 Rc1 64. Bf3 Rc2 65. Ng1 Rf2 66. Bh1 Rf1 67. e5 Rxg1+ 68. Kf5 fxe5 69. Be4 f3 70. Kxe5 f2 71.
Bd3 f1=Q 72. Bxf1 Rxf1 73. Ke6 g4 74. Ke5 g3 75. Kd6 g2 76. Ke5 0-1

[Event "*** Titled Tuesday Blitz"]
[Site "Chess.com"]
[Date "2021.03.16"]
[Round "8"]
[White "MustafayevFarid2004"]
[Black "xberli"]
[Result "0-1"]
[WhiteElo "2476"]
[BlackElo "2614"]
[TimeControl "180+1"]
[EndTime "11:29:38 PDT"]
[Termination "xberli won by resignation"]

1. d4 Nf6 2. c4 g6 3. Nc3 d5 4.
cxd5 Nxd5 5. e4 Nxc3 6. bxc3 Bg7 7. Nf3 c5 8. Rb1 Nc6 9. d5 Ne5 10. Nxe5 Bxe5 11. Qd2 O-O 12. f4 Bc7 13. Bc4 a6 14. a4 b5 15. axb5 axb5 16. Bxb5 e6 17. O-O exd5 18. exd5 Bf5 19. Rb3 Ba5 20. Qf2 Bb6 21. c4 Bc7 22. Bb2 Ra2 23. Ra3 Rxb2 24. Qxb2 Qh4 25.
Qf2 Qf6 26. Re3 Ba5 27. Qf3 Qd4 28. Rd1 Bd2 29. Rxd2 Qxd2 30. Qe2 Qd4 31. Kh1 Qxf4 32. Qf3 Qd4 33. h3 h5 34. Re1 Kg7 35. Qe3 Qxe3 36.
Rxe3 Kf6 37. Kg1 Ra8 38. Kf2 Ra1 39. Kg3 Rd1 40. Re8 Rd4 41. Re1 h4+ 42. Kf3 g5 43.
Ke3 Re4+ 44. Kd2 Rd4+ 45. Kc3 Rd3+ 46. Kb2 Rd2+ 47. Kc3 Rxg2 48. Rf1 Rg3+ 49. Kd2 Ke5 50. d6 Rd3+ 51. Ke2 Rxd6 52. Rg1 f6 53. Ba4 Be4 54. Ke3 Rd3+ 55. Kf2 Rxh3 56. Bb5 Rf3+ 57. Ke2 h3 58. Re1 Rf4 59. Kd2 g4 60. Bd7 g3 61. Bxh3 f5 62. Rg1 Rf2+ 63. Ke1 f4 64. Bg4 Kd4 65. Bd1 Ke3 66. Bc2 Rxc2 67. Kd1 Rd2+ 68. Ke1 Rh2 69. Kf1 Rh1 0-1

[Event "*** Titled Tuesday Blitz"]
[Site "Chess.com"]
[Date "2021.03.16"]
[Round "8"]
[White "Agnes66678"]
[Black "Sanyura"]
[Result "1-0"]
[WhiteElo "2457"]
[BlackElo "2610"]
[TimeControl "180+1"]
[EndTime "11:29:40 PDT"]
[Termination "Agnes66678 won by checkmate"]

1. d4 Nf6 2. c4 g6 3. Nc3 Bg7 4. Nf3 d6 5. g3 O-O 6. Bg2 Nbd7 7.
O-O e5 8. e4 exd4 9. Nxd4 Nc5 10.
h3 Re8 11. Re1 Bd7 12. Kh2 h5 13. Rb1 a5 14. Ndb5 Bc6 15. Qc2 h4 16. g4 Nfd7 17. f4 g5 18. fxg5 Ne5 19. Nd5 Bxd5 20. cxd5 c6 21.
Nc3 Ncd3 22. Rd1 Nxc1 23. Qxc1 Ng6 24. Kh1 Be5 25. Rf1 Rc8 26. Rf5 cxd5 27. exd5 Qc7 28.
Qf1 Bxc3 29. bxc3 Re3 30. c4 Qxc4 31. Rxf7 Qxf1+ 32. Rfxf1 Rc7 33. Rf6 Kg7 34. Rxd6 Re2 35. Bf1 Rxa2 36. Rdb6 Ne5 37. Rxb7 Rxb7 38. Rxb7+ Kg6 39.
Rb6+ Kxg5 40. Bg2 Kf4 41. Rb3 a4 42. Rc3 Rd2 43. Ra3 Rd4 44. Kh2 Kg5 45. Re3 Nc4 46.
Re8 a3 47. Ra8 Rd2 48. Kg1 a2 49. Bf1 Rd1 50. Rxa2 Nd2 51. Kf2 Nxf1 52. Ra5 Nd2 53. Ke2 Rb1 54. Kxd2 Kf4 55. d6 Rb8 56. Rd5 Kg3 57.
Rd3+ Kf4 58. d7 Rd8 59. Kc3 Ke4 60. Kc4 Ke5 61. g5 Kf5 62. Rd5+ Ke6 63. Kc5 Rxd7 64.
Rxd7 Kxd7 65. Kd5 Ke7 66. Ke5 Kf7 67. Kf5 Kg7 68. Kg4 Kg6 69. Kxh4 Kh7 70. Kg4 Kg7 71. h4 Kh7 72. h5 Kg7 73. Kf5 Kh7 74. g6+ Kg7 75.
Kg5 Kg8 76. Kf6 Kf8 77. g7+ Kg8 78. h6 Kh7 79. Kf7 Kxh6 80. g8=Q Kh5 81. Kf6 Kh4 82. Kf5 Kh3 83. Kf4 Kh2 84. Kf3 Kh1 85. Qg2# 1-0

[Event "*** Titled Tuesday Blitz"]
[Site "Chess.com"]
[Date "2021.03.16"]
[Round "8"]
[White "Buffy7"]
[Black "mbachez"]
[Result "1-0"]
[WhiteElo "2627"]
[BlackElo "2487"]
[TimeControl "180+1"]
[EndTime "11:29:41 PDT"]
[Termination "Buffy7 won by resignation"]

1. e4 e6 2. d4 d5 3. Nd2 h6 4. Ngf3 Nf6 5. Bd3 c5 6. e5 Nfd7 7. c3 Nc6 8. Nf1 Qb6 9. Bc2 g5 10. h3 cxd4 11. cxd4 Bb4+ 12. Ke2 Bf8 13. a3 a5 14. Ng3 a4 15. Rb1 Qa7 16. Be3 b6 17. Kf1 Ba6+ 18. Kg1 b5 19. h4 g4 20. Nh2 h5 21. Qd2 Nb6 22. Qe1 Nc4 23. Qd1 Nxe3 24. fxe3 Nxe5 25. Nhf1 Nc4 26. Qe2 Bh6 27. Bd3 b4 28.
Nxh5 Nxe3 29. Nxe3 Qxd4 30. Bxa6 Bxe3+ 31. Kh2 Rxh5 32. g3 Rxa6 33. Rbd1 Qe5 34. Qxg4 Rc6 35.
Rhe1 Rc2+ 36. Kh3 d4 37. Rxe3 Qxe3 38. Qxh5 Qe2 39. Qxe2 Rxe2 40. Rxd4 Rxb2 41. axb4 a3 42. Rd3 a2 43. Ra3 Kf8 44. b5 Kg7 45. b6 f5 46. b7 Rxb7 47. Rxa2 e5 48. Ra5 Re7 49. Kg2 Kg6 50. Ra6+ Kg7 51. Kf3 Rb7 52. h5 Rb3+ 53. Kg2 e4 54. Rg6+ Kh7 55. Rc6 Kg7 56. Re6 Rb2+ 57. Kh3 Kf7 58. Rc6 Rb3 59. Kh4 e3 60. Rc7+ Kf6 61. Rc6+ Kf7 62. Rc2 Kf6 63. Re2 f4 64. gxf4 Kf5 65. Kg3 Ke4 66. Kg4 Rb8 67. h6 Rg8+ 68. Kh5 Kf3 69. Ra2 e2 70. Ra1 Kf2 71.
h7 Rd8 72. f5 Ke3 73. Re1 Kf2 74. Rxe2+ Kxe2 75. Kg6 Kf3 76. f6 Kf4 77. f7 Kg4 78.
Kg7 Kg5 79. f8=Q Rd7+ 80. Qf7 Rxf7+ 81. Kxf7 1-0

[Event "*** Titled Tuesday Blitz"]
[Site "Chess.com"]
[Date "2021.03.16"]
[Round "8"]
[White "rpragchess"]
[Black "Onischuk_V"]
[Result "1/2-1/2"]
[WhiteElo "2919"]
[BlackElo "2843"]
[TimeControl "180+1"]
[EndTime "11:29:46 PDT"]
[Termination "Game drawn by repetition"]

1. c4 d6 2. Nc3 g6 3. g3 Bg7 4. Bg2 Nf6 5. Nf3 O-O 6. O-O Nc6 7. d3 e5 8. e4 Bg4 9. h3 Bxf3 10. Bxf3 Nd7 11.
Bg2 Nc5 12. f4 exf4 13. gxf4 f5 14. Be3 Bd4 15. Qd2 Qf6 16. Rae1 Qg7 17. Nd5 Bxe3+ 18. Rxe3 Nd4 19. e5 dxe5 20. Rxe5 Nce6 21. Qe3 Rae8 22. Nc3 c6 23. Rf2 Re7 24. Bd5 cxd5 25. cxd5 Rfe8 26. dxe6 Nc6 27. Nd5 Nxe5 28. Nxe7+ Qxe7 29. Qxe5 Qxe6 30. Qxe6+ Rxe6 31. Rc2 Re7 32. Kf2 Kf7 33. Rc8 Ke6 34.
Rd8 Rc7 35. Re8+ Kd5 36. Rd8+ Ke6 37. Re8+ Kf6 38. Re2 g5 39. Kf3 h6 40. d4 Rd7 41.
Rd2 Re7 42. d5 Rd7 43. Kg3 Ke7 44. Re2+ Kf7 45. Re5 Kg6 46. Re6+ Kf7 47. Rxh6 gxf4+ 48. Kxf4 Rxd5 49. Rh7+ Kf6 50. Rxb7 Rd4+ 51. Kf3 a5 52. Rb3 Kg5 53. Re3 Rf4+ 54. Kg2 Rc4 55. Rg3+ Kf4 56. Rf3+ Ke4 57. Kg3 Rc2 58. Rf4+ Ke5 59. Rf2 Rc1 60. h4 Rg1+ 61. Kf3 Rh1 62. Kg3 Rg1+ 63. Rg2 f4+ 64. Kf3 Rf1+ 65. Rf2 Rh1 66. Rc2 Rh3+ 67.
Kg2 Rg3+ 68. Kf2 Kf5 69. Rc5+ Kg4 70. Rxa5 Rd3 71. Rg5+ Kxh4 72. Re5 Kg4 73. Re2 Rh3 74. Kf1 Rh1+ 75. Kf2 Rh2+ 76. Kf1 Rh1+ 77. Kf2 Rh2+ 78.
Kf1 Rh1+ 1/2-1/2

[Event "*** Titled Tuesday Blitz"]
[Site "Chess.com"]
[Date "2021.03.16"]
[Round "8"]
[White "IsaacWiebe"]
[Black "JoliyRoger"]
[Result "1-0"]
[WhiteElo "2276"]
[BlackElo "2412"]
[TimeControl "180+1"]
[EndTime "11:29:54 PDT"]
[Termination "IsaacWiebe won on time"]

1. d4 Nf6 2. c4 e6 3. Nf3 Bb4+ 4.
Nbd2 b6 5. g3 Bb7 6. Bg2 O-O 7.
O-O Be7 8. Qc2 d5 9. Ne5 c5 10. dxc5 Bxc5 11. Nb3 Bd6 12. Nd3 Nbd7 13. cxd5 Bxd5 14.
Bg5 Bxg2 15. Kxg2 Qb8 16. Rac1 Ne4 17. Be3 Rc8 18. Qxc8+ Qxc8 19. Rxc8+ Rxc8 20. Rc1 Rxc1 21. Nbxc1 Ndf6 22. f3 Nd5 23. Bg1 Nd2 24. e4 Nc7 25. b3 Nb5 26. Be3 Nb1 27. Kf2 Ba3 28. Bf4 a6 29.
Be3 N1c3 30. Bxb6 f6 31. Be3 Kf7 32. Bc5 Ke8 33. Bxa3 Nxa3 34. Nc5 a5 35. Nxe6 Kf7 36. Nd4 g5 37. Nde2 Ncb5 38. Ke3 Nc2+ 39. Kd2 Nb4 40. Nc3 Nd4 41. Ke3 Ndc2+ 42. Kf2 Nd4 43. N1e2 Ndc6 44.
f4 Nd3+ 45. Kf3 h6 46. a3 Nc5 47. Nc1 Nd4+ 48. Ke3 Nc2+ 49. Kd2 Nxa3 50. e5 Ke6 51. exf6 Kxf6 52. fxg5+ Kxg5 53. Ke3 Kg4 54. Ne4 Ne6 55. Nf2+ Kg5 56. Kd3 Nb5 57. Kc4 Nbc7 58. Ne2 h5 59.
Nd4 Nd8 60. Kc5 a4 61. bxa4 Ne8 62. a5 Nb7+ 63. Kb6 Nbd6 64. a6 Nc4+ 65. Kb7 Ned6+ 66.
Kc6 Ne8 67. a7 Na5+ 68. Kb5 Nd6+ 69. Kxa5 Nc4+ 70. Ka6 Nd6 71. a8=Q Nc4 72. Ka7 Ne5 73. Qg8+ Kf6 74. Qh8+ Ke7 75. Qxe5+ Kf7 76. Qxh5+ Kg7 77. Qf3 Kg6 78. Ne2 Kg5 79. h3 Kh6 80. Qg2 Kg5 81. Kb6 Kh6 82. Kc5 Kg5 83. Kd4 Kh6 84. Ke3 1-0

[Event "*** Titled Tuesday Blitz"]
[Site "Chess.com"]
[Date "2021.03.16"]
[Round "8"]
[White "nss13"]
[Black "Ural_bogatyr"]
[Result "1/2-1/2"]
[WhiteElo "2587"]
[BlackElo "2498"]
[TimeControl "180+1"]
[EndTime "11:29:56 PDT"]
[Termination "Game drawn by repetition"]

1. e4 e5 2. Nf3 Nc6 3. Bb5 Bc5 4.
O-O Nf6 5. Nxe5 Nxe4 6. Qe2 Nxe5 7. Qxe4 Qe7 8. d4 Nc6 9. Qxe7+ Bxe7 10. c3 O-O 11.
Bf4 d6 12. Re1 Bf6 13. Nd2 g6 14. Ne4 Bg7 15. Bg5 h6 16. Bxc6 hxg5 17. Ba4 g4 18. Bb3 Bh6 19. Nf6+ Kh8 20. Ne8 Bd7 21. Nxc7 Rac8 22.
Nd5 Kg7 23. Re7 Bc6 24. Rae1 a5 25. Nb6 Rcd8 26. Bd5 Bg5 27. R7e2 f5 28. Bxc6 bxc6 29. d5 cxd5 30. Nxd5 Rb8 31. b3 Rfc8 32. Rd1 Rc5 33.
Re6 Rc6 34. g3 Ra8 35. Kg2 Rb8 36. h3 gxh3+ 37. Kxh3 Rh8+ 38. Kg2 Rb8 39. f4 Bd8 40.
Re3 Rc5 41. Red3 Rbc8 42. Kf3 g5 43. fxg5 Bxg5 44. c4 Kf7 45. Nf4 Be7 46. Rd5 a4 47. Rxc5 Rxc5 48. Rd5 axb3 49. Rxc5 dxc5 50. axb3 Bf6 51.
Nd3 Bd4 52. Kf4 Kf6 53. Kf3 Bc3 54. Ne1 Bd4 55. Ng2 Be5 56. Nf4 Bd4 57. Ne2 Be5 58. Nc1 Bc3 59. Nd3 Bd4 60. b4 cxb4 61. Nxb4 Be5 62. Nd3 Bc7 63. c5 Ke6 64. Nb4 Kd7 65. Nd5 Be5 66. Ne3 Kc6 67. Nxf5 Kxc5 68. g4 Bb2 69.
Ke4 Kc6 70. g5 Kd7 71. g6 Ke8 72. Nd4 Bxd4 73. Kxd4 Kf8 74. Ke5 Kg7 75. Kf5 Kg8 76. Kf6 Kf8 77. Kf5 Kg7 78. Kg5 Kg8 79. Kh6 Kh8 80.
Kg5 Kg7 81. Kf5 Kg8 82. Ke6 Kg7 83. Kf5 1/2-1/2

[Event "*** Titled Tuesday Blitz"]
[Site "Chess.com"]
[Date "2021.03.16"]
[Round "8"]
[White "BahadirOzen"]
[Black "Abund"]
[Result "0-1"]
[WhiteElo "2769"]
[BlackElo "2706"]
[TimeControl "180+1"]
[EndTime "11:30:06 PDT"]
[Termination "Abund won on time"]

1. g3 Nf6 2. Bg2 e5 3. d3 d5 4. Nf3 Bd6 5. O-O O-O 6. Nbd2 Re8 7. e4 c6 8. b3 a5 9. a3 Nbd7 10. Bb2 Nf8 11. Re1 Ng6 12. c3 h6 13. Qc2 Qc7 14.
b4 b6 15. Qb3 Be6 16. Qc2 Ra7 17. h3 Rc8 18. Rad1 axb4 19. cxb4 d4 20. Nc4 Bf8 21. Ncd2 b5 22. Nb3 Nd7 23. Rc1 Qb6 24. Nfd2 Rac7 25. Nc5 Nxc5 26. bxc5 Qa7 27. Rf1 f6 28. f4 Bf7 29. Kh2 Qa4 30. Qxa4 bxa4 31. Rc2 Rb8 32. f5 Ne7 33. Bf3 Nc8 34. g4 Rb5 35. Rfc1 Rcb7 36. Ba1 Na7 37. h4 Be7 38. Kg3 Ra5 39. Bd1 Rbb5 40. Nc4 Ra6 41. Nd6 Rxc5 42. Rxc5 Bxd6 43. g5 hxg5 44. hxg5 Bxc5 45. Rxc5 Nb5 46. Bb2 Bb3 47. Bh5 Bf7 48. g6 Bb3 49. Be2 Kf8 50. Kf2 Ke7 51. Ke1 Kd6 52. Rc1 c5 53. Kd2 Rb6 54. Rh1 Rb8 55.
Rh7 Rg8 56. Bf1 Nc7 57. Be2 Ke7 58. Ke1 Kd6 59. Bc1 Nb5 60. Kd2 Kc6 61. Bb2 Nd6 62.
Bf1 Kb5 63. Be2 c4 64. Bf1 c3+ 65. Bxc3 dxc3+ 66. Kxc3 Kc5 67. Be2 Nb5+ 68. Kd2 Nxa3 69. d4+ Kxd4 70. Rh3 Kxe4 71. Bd3+ Kf4 72. Rh4+ Kg5 73.
Rb4 Rd8 74. Kc3 Nc2 75. Rb7 Rc8+ 76. Kd2 e4 77. Bxe4 Nd4 78. Rxg7 Nxf5 79. Rb7 Nd6 0-1

[Event "*** Titled Tuesday Blitz"]
[Site "Chess.com"]
[Date "2021.03.16"]
[Round "8"]
[White "hypert"]
[Black "anon132639"]
[Result "0-1"]
[WhiteElo "2570"]
[BlackElo "2756"]
[TimeControl "180+1"]
[EndTime "11:30:06 PDT"]
[Termination "anon132639 won by resignation"]

1. e4 e6 2. Nc3 b6 3. d4 Bb7 4. Nf3 Bb4 5. Bd3 Nf6 6. e5 Ne4 7. Bd2 Nxd2 8. Qxd2 d5 9. a3 Be7 10. Qe2 c5 11. Qe3 Ba6 12. Bxa6 Nxa6 13. h4 h6 14. Rh3 O-O 15. O-O-O Rc8 16. Rg3 Kh8 17. Qd3 cxd4 18. Qxd4 Rc4 19. Qd3 Nc5 20. Qe3 Ne4 21. Nxe4 Rxe4 22. Qd3 Bxh4 23. Rh3 Bxf2 24. Kb1 Be3 25. Re1 Bf4 26. Rxe4 dxe4 27. Qxe4 Qd1+ 28. Ka2 Qd5+ 29. Qxd5 exd5 30. Rh4 Be3 31. c3 Re8 32. Kb1 Kh7 33. Kc2 g5 34. Ra4 Re7 35. Kd3 Bf2 36. Ke2 Bg3 37.
Kd3 Kg6 38. Rd4 h5 39. Rxd5 g4 40. Nd4 Rxe5 41. Rd6+ f6 42. Rd7 h4 43. Ne2 Bf2 44. Rd8 Re3+ 45. Kd2 Re7 46. Rg8+ Kf5 47. Rh8 Rd7+ 48.
Kc2 h3 49. gxh3 Re7 50. hxg4+ Kxg4 51. Kd2 Kf3 52. Rh3+ Kg4 53. Rd3 f5 54. Rd8 f4 55.
Rg8+ Kf3 56. Nc1 Be3+ 57. Kc2 Bxc1 58. Kxc1 Ke3 59. Rg1 Kf2 60. Rg8 f3 61. Rf8 Rd7 62. Kc2 Ke2 63. Re8+ Kf1 64. Rf8 f2 65. c4 Re7 66. b4 Ke2 67. Kc3 f1=Q 68. Rxf1 Kxf1 69. c5 bxc5 70. bxc5 Ke2 71. Kc4 Kd2 72. c6 Kc2 73.
a4 Rc7 74. Kb5 Kb3 75. a5 Ka3 76. a6 Kb3 77. Kc5 Ka4 78. Kd6 Rc8 79. Kd7 Ra8 80.
c7 Kb5 81. c8=Q Rxc8 82. Kxc8 Kxa6 83. Kc7 Kb5 84. Kb7 a5 0-1